 Dungeon Crawl Stone Soup version 0.23.0 (webtiles) character file.

Game seed: 4695384830689374147

14009 Oravi the Grappler (level 12, -7/107 HPs)
             Began as a Ghoul Necromancer on Feb 11, 2019.
             Was a High Priest of Kikubaaqudgha.
             Killed from afar by a wretched star (43 damage)
             ... with an orb of energy
             ... on level 1 of the Abyss.
             The game lasted 01:12:47 (12545 turns).

Oravi the Grappler (Ghoul Necromancer)             Turns: 12545, Time: 01:12:47

Health: -7/107     AC: 11    Str: 16      XL:     12   Next: 12%
Magic:  7/17       EV: 11    Int: 16 (18) God:    Kikubaaqudgha [*****.]
Gold:   623        SH:  4    Dex:  8 (9)  Spells: 11/19 levels left

rFire    . . .     SeeInvis +     - Unarmed
rCold    + . .     Gourm    .   l - +0 buckler
rNeg     + + +     Faith    .   C - +0 ring mail
rPois    ∞         Spirit   .   e - +2 helmet {SInv}
rElec    .         Reflect  .   (no cloak)
rCorr    .         Harm     .   (no gloves)
MR       .....                  B - +2 pair of boots
Stlth    +.........             L - amulet of regeneration
HPRegen  0.00/turn              n - +3 ring of strength
MPRegen  0.15/turn              F - +4 ring of intelligence

@: about to teleport, rotting
A: rotting body, claws 1, carnivore, cold resistance 1, negative energy
resistance 3, inhibited regeneration, torment resistance, unbreathing
a: Receive Corpses, Torment, Renounce Religion


You were on level 1 of the Abyss.
You worshipped Kikubaaqudgha.
Kikubaaqudgha was extremely pleased with you.
You were not hungry.

You visited 2 branches of the dungeon, and saw 12 of its levels.
You visited the Abyss 1 time.
You also visited: Sewer.

You collected 623 gold pieces.

Inventory:

Hand Weapons
 d - a +2 dagger of venom
 t - a +0 blowgun
 w - a +0 blowgun
Missiles
 b - 78 poisoned needles
 g - 375 stones (quivered)
 N - 29 sling bullets
Armour
 e - a +2 helmet of see invisible (worn)
 i - a +0 scale mail of magic resistance
 l - a +0 buckler (worn)
 s - a +0 scale mail
 B - a +2 pair of boots (worn)
 C - a +0 ring mail (worn)
 Q - a +0 shield
Jewellery
 n - a +3 ring of strength (left claw)
 y - an uncursed ring of wizardry
 F - a +4 ring of intelligence (right claw)
 L - an amulet of regeneration (around neck)
 P - an uncursed ring of positive energy {unknown}
Wands
 p - a wand of flame (4)
 E - a wand of digging (4)
 I - a wand of polymorph (6)
 J - a wand of acid (9)
 O - a wand of random effects (15)
Scrolls
 a - a scroll of random uselessness {unknown}
 f - 5 scrolls of remove curse {@r2}
 j - 5 scrolls of amnesia
 m - a scroll of enchant armour {unknown}
 r - 4 scrolls of teleportation
 H - a scroll of magic mapping
 M - a scroll of silence {unknown}
Potions
 h - 3 potions of brilliance
 k - 8 potions of curing {@q1}
 o - 2 potions of heal wounds
 q - 4 potions of cancellation
 u - 5 potions of might
 v - 2 potions of mutation
 x - 3 potions of agility
 z - 4 potions of flight
 A - 3 potions of magic
 D - a potion of haste
 G - a potion of lignification {unknown}
 K - a potion of invisibility {unknown}
Comestibles
 c - 18 rations


   Skills:
 + Level 10.5 Fighting
 + Level 1.0 Armour
 - Level 1.7 Dodging
 - Level 2.1 Stealth
 + Level 4.2 Shields
 * Level 14.3 Unarmed Combat
 - Level 4.0 Spellcasting
 + Level 7.8 Necromancy


You had 11 spell levels left.
You knew the following spells:

 Your Spells              Type           Power        Failure   Level  Hunger
a - Pain                  Necr           ####         1%          1    None
b - Animate Skeleton      Necr           N/A          1%          1    None
c - Vampiric Draining     Necr           ####......   3%          3    ###....
R - Regeneration          Chrm/Necr      ###.......   19%         3    ###....

Your spell library contained the following spells:

 Spells                   Type           Power        Failure   Level  Hunger
 Corpse Rot               Necr           N/A          1%          2    ##.....
 Animate Dead             Necr           N/A          13%         4    ####...
 Magic Dart               Conj           #...         32%         1    None
 Shock                    Conj/Air       #...         32%         1    None
 Agony                    Necr           ####....     34%         5    ######.
 Dispel Undead            Necr           ####....     34%         5    ######.
 Searing Ray              Conj           #.....       43%         2    ##.....
 Swiftness                Chrm/Air       #.......     43%         2    ##.....
 Dazzling Spray           Conj/Hex       #.....       67%         3    ###....
 Static Discharge         Conj/Air       #.......     67%         3    ###....
 Bolt of Draining         Conj/Necr      ###.......   87%         5    ######.
 Excruciating Wounds      Chrm/Necr      ###.......   87%         5    ######.
 Airstrike                Air            #.........   97%         4    ####...
 Force Lance              Conj/Tloc      #.......     97%         4    ####...
 Fulminant Prism          Conj/Hex       #.........   97%         4    ####...
 Iskenderun's Mystic Bla  Conj           #.......     97%         4    ####...
 Lightning Bolt           Conj/Air       #.........   100%        5    ######.


Dungeon Overview and Level Annotations

Branches:
Dungeon (11/15)            Temple (1/1) D:4             Orc (0/2) D:9
   Lair: D:8-11

Altars:
Ashenzari
Cheibriados
Dithmenos
Elyvilon
Fedhas
Gozag
Hepliaklqana
Kikubaaqudgha
Makhleb
Nemelex Xobeh
Okawaru
Qazlal
Ru
Sif Muna
Trog
Uskayaw
Vehumet
Wu Jian
Xom
Yredelemnul
Zin
The Shining One

Shops:
D:7 !

Annotations:
D:2 1 runed translucent door, Crazy Yiuf
D:11 Erolcha


Innate Abilities, Weirdness & Mutations

Your body is rotting away.
You thrive on raw meat.
You are immune to poison.
You have sharp fingernails.
You are carnivorous and can eat meat at any time.
Your flesh is cold resistant. (rC+)
You are immune to negative energy. (rN+++)
You do not regenerate when monsters are visible.
You are immune to unholy pain and torment.
You can survive without breathing.


Message History

Casting: Vampiric Draining (safe; 3% risk of failure)
Aiming: Vampiric Draining (safe; 3% risk of failure)
Aim: a raiju (heavily wounded)
The raiju is severely wounded.
You feel life coursing into your body.
The raiju bursts into living lightning!
The living lightning hits the raiju.
The raiju completely resists.
The living lightning hits you!!
* * * LOW HITPOINT WARNING * * *
The living lightning hits you!
* * * LOW HITPOINT WARNING * * *
The raiju blinks!
The raiju bursts into living lightning!
The living lightning hits you!
* * * LOW HITPOINT WARNING * * *
The raiju blinks!
The wretched star glows turbulently.
The orb of energy hits you!!!
You die...
Kikubaaqudgha rasps: "You have failed me!
Welcome... oblivion!"

.#...... ..#. ## .#.
#. .### #.#..# #. ..
.....# #.#.##
#.#####.#......
...#..#
#.............. .#.
.# # #....#........
.#. . *#. . #
......#. # .
...#h###.#...####.# .
###.#.h#@.#.....#...#
.# ....h*§#....... ..
# .# #....##§#h#.....
.## .## .##.#.h.....#
. .# ##......#..# .#
###...###. # .. .....
... .. . .. . .. .. .
# .


You could see a wretched star and 3 raiju.

Vanquished Creatures
  A centaur warrior (D:9)
  A two-headed ogre (D:9)
  An unseen horror (D:10)
  Pikel (D:3)
  An ugly thing (D:8)
  An eye of devastation (Abyss:1)
  2 gargoyles
  2 centaur skeletons
  Prince Ribbit (D:8)
  6 trolls
  4 hippogriffs
  A wyvern (D:8)
  Grum (D:8)
  A neqoxec (Abyss:1)
  Edmund (D:4)
  8 orc warriors
  2 ice beasts
  4 phantoms
  4 wolves
  An eye of draining (D:10)
  3 necrophages
  12 ogres
  A centaur (D:8)
  8 big kobolds
  11 bullfrogs
  2 gnoll sergeants (D:9)
  3 scorpions
  12 wights (D:9)
  7 killer bees
  3 howler monkeys
  5 crimson imps
  A quasit (D:9)
  A centaur zombie (D:10)
  A bullfrog zombie (D:9)
  3 jellies
  2 bullfrog skeletons
  5 orc priests
  5 hounds
  Jessica (D:2)
  2 iguanas
  8 orc wizards
  Terence (D:2)
  11 worker ants
  A hound skeleton (D:5)
  A worker ant zombie (D:9)
  8 gnolls
  11 adders
  A howler monkey skeleton (D:5)
  2 shadow imps
  An adder skeleton (D:4)
  4 worms
  2 dart slugs
  6 leopard geckos
  27 orcs
  5 ball pythons
  9 giant cockroaches
  8 hobgoblins
  11 jackals
  18 kobolds
  5 quokkas
  12 bats
  A frilled lizard (D:2)
  9 goblins
  A jackal zombie (D:5)
  A quokka zombie (D:5)
  8 rats
304 creatures vanquished.

Vanquished Creatures (collateral kills)
  A centaur zombie (D:10)
  A soldier ant (D:10)
  An orc warrior (D:8)
  A sky beast (D:6)
  A big kobold (D:9)
  2 bullfrogs
  A wight (D:9)
  A hound (D:10)
  An iguana (D:10)
  An orc (D:8)
  A quokka (D:8)
  A quokka zombie (D:9)
  A rat (Sewer)
14 creatures vanquished.

Grand Total: 318 creatures vanquished

Notes
Turn   | Place    | Note
-------+----------+-------------------------------------------
     0 | D:1      | Oravi the Ghoul Necromancer began the quest for the Orb.
     0 | D:1      | Reached XP level 1. HP: 14/14 MP: 2/2
   180 | D:1      | Reached skill level 1 in Unarmed Combat
   259 | D:1      | Reached XP level 2. HP: 22/22 MP: 0/3
   356 | D:1      | Reached skill level 1 in Fighting
   513 | D:1      | Learned a level 1 spell: Animate Skeleton
   542 | D:1      | Reached skill level 2 in Unarmed Combat
   859 | D:1      | Reached XP level 3. HP: 28/28 MP: 2/4
  1419 | D:1      | Learned a level 3 spell: Vampiric Draining
  1420 | D:2      | Noticed Terence
  1538 | D:2      | Reached skill level 3 in Unarmed Combat
  1538 | D:2      | Reached XP level 4. HP: 13/36 MP: 0/5
  1737 | D:2      | Noticed Jessica
  1750 | D:2      | Killed Jessica
  1883 | D:2      | Reached XP level 5. HP: 29/42 MP: 3/6
  1912 | D:2      | Reached skill level 4 in Unarmed Combat
  2027 | D:2      | Killed Terence
  2064 | D:2      | Found a shattered altar of Ashenzari.
  2097 | D:2      | Found a deep blue altar of Sif Muna.
  2208 | D:2      | Found a runed translucent door.
  2209 | D:2      | Noticed Crazy Yiuf
  2513 | D:3      | Found a sparkling altar of Nemelex Xobeh.
  2719 | D:3      | Found a white marble altar of Elyvilon.
  3135 | D:4      | Reached skill level 5 in Unarmed Combat
  3135 | D:4      | Reached XP level 6. HP: 46/51 MP: 1/7
  3236 | D:4      | Found a stormy altar of Qazlal.
  3363 | D:4      | Found a staircase to the Ecumenical Temple.
  3419 | Temple   | Entered the Ecumenical Temple
  3850 | D:4      | Noticed a phantom
  3855 | D:4      | Reached skill level 6 in Unarmed Combat
  3872 | D:4      | Reached XP level 7. HP: 34/59 MP: 1/8
  4596 | D:4      | Found a sacrificial altar of Ru.
  4722 | D:4      | Noticed Pikel
  4792 | D:3      | Killed Pikel
  4792 | D:3      | Reached skill level 5 in Fighting
  4792 | D:3      | Reached skill level 8 in Unarmed Combat
  4792 | D:3      | Reached XP level 8. HP: 43/67 MP: 0/9
  5001 | D:4      | Found an ancient bone altar of Kikubaaqudgha.
  5041 | D:4      | Became a worshipper of Kikubaaqudgha
  5262 | D:4      | Noticed Edmund
  5397 | D:4      | Killed Edmund
  5656 | D:5      | Entered Level 5 of the Dungeon
  5849 | D:5      | Reached skill level 9 in Unarmed Combat
  5891 | D:5      | Found a glowing drain.
  5919 | Sewer    | Entered a sewer
  6073 | Sewer    | Reached skill level 1 in Shields
  6266 | Sewer    | Reached XP level 9. HP: 76/78 MP: 10/10
  6407 | Sewer    | Reached * piety under Kikubaaqudgha
  6407 | Sewer    | Identified Kikubaaqudgha's Compendium of Darkness
                  | (Kikubaaqudgha gifted it to you in a sewer)
  6407 | Sewer    | Received a gift from Kikubaaqudgha
  7609 | D:6      | Reached skill level 10 in Unarmed Combat
  7609 | D:6      | Reached skill level 5 in Necromancy
  8245 | D:7      | Reached ** piety under Kikubaaqudgha
  8280 | D:7      | Reached skill level 11 in Unarmed Combat
  8495 | D:7      | Reached XP level 10. HP: 76/88 MP: 9/11
  8501 | D:7      | Found Eseoz's Distillery.
  8741 | D:7      | Found a blossoming altar of Fedhas.
  8876 | D:7      | Found a hazy altar of Hepliaklqana.
  9137 | D:8      | Reached *** piety under Kikubaaqudgha
  9137 | D:8      | Identified Kikubaaqudgha's Grimoire of Sinister Arts
                  | (Kikubaaqudgha gifted it to you on level 8 of the Dungeon)
  9137 | D:8      | Received a gift from Kikubaaqudgha
  9158 | D:8      | Reached skill level 12 in Unarmed Combat
  9346 | D:8      | Noticed Grum
  9443 | D:8      | Noticed Prince Ribbit
  9455 | D:8      | Killed Prince Ribbit
  9603 | D:8      | Noticed a red ugly thing
  9887 | D:8      | Killed Grum
  9894 | D:8      | Killed a red ugly thing
  9941 | D:8      | Found a shadowy altar of Dithmenos.
 10092 | D:9      | Reached XP level 11. HP: 94/97 MP: 14/14
 10309 | D:9      | Found a staircase to the Orcish Mines.
 10457 | D:9      | Reached **** piety under Kikubaaqudgha
 10457 | D:9      | Reached skill level 13 in Unarmed Combat
 10787 | D:9      | Noticed a two-headed ogre
 10795 | D:9      | Killed a two-headed ogre
 11291 | D:9      | Noticed a centaur warrior
 11299 | D:9      | Killed a centaur warrior
 11395 | D:9      | Reached skill level 10 in Fighting
 11528 | D:10     | Entered Level 10 of the Dungeon
 11716 | D:10     | Found a stormy altar of Qazlal.
 11729 | D:10     | Reached ***** piety under Kikubaaqudgha
 11794 | D:10     | Reached skill level 14 in Unarmed Combat
 11849 | D:10     | Noticed an unseen horror
 11860 | D:10     | Killed an unseen horror
 11862 | D:10     | Found Xahi's Jewellery Shoppe.
 12013 | D:10     | Reached XP level 12. HP: 40/107 MP: 17/17
 12415 | D:11     | Noticed Erolcha
 12420 | D:11     | Cast into level 1 of the Abyss (Erolcha)
 12420 | Abyss:1  | Found a corrupted altar of Lugonu.
 12501 | Abyss:1  | Reached skill level 1 in Armour
 12511 | Abyss:1  | Learned a level 3 spell: Regeneration
 12537 | Abyss:1  | Noticed a wretched star
 12545 | Abyss:1  | Killed from afar by a wretched star

Skill      XL: |  1  2  3  4  5  6  7  8  9 10 11 12 |
---------------+-------------------------------------+-----
Unarmed Combat | 1 2 3 5 6 8 9 11 12 14 | 14.3
Fighting       | 1 2 3 4 5 6 7 9 10 | 10.5
Shields        | 1 3 4 |  4.2
Necromancy     | 5 6 7 |  7.8
Spellcasting   | 3 4 |  4.0
Armour         | 1 |  1.0
Dodging        | |  1.7
Stealth        | |  2.1

Action                   |  1- 3 |  4- 6 |  7- 9 | 10-12 || total
-------------------------+-------+-------+-------+-------++-------
Melee: Unarmed           |    75 |   134 |   359 |   570 ||  1138
       Punch             |       |     2 |       |       ||     2
Throw: Stone             |       |       |    10 |       ||    10
 Cast: Pain              |    58 |    75 |    74 |    23 ||   230
       Animate Skeleton  |       |    12 |    20 |    38 ||    70
       Vampiric Draining |       |       |     2 |     7 ||     9
       Regeneration      |       |       |       |     1 ||     1
Evoke: Wand              |       |       |       |     3 ||     3
  Use: Scroll            |       |     4 |    11 |     6 ||    21
       Potion            |       |     1 |     3 |     1 ||     5
 Stab: Distracted        |       |     1 |     2 |     5 ||     8
       Sleeping          |       |       |       |     1 ||     1
  Eat: Chunk             |     4 |    12 |    16 |    11 ||    43
       Ration            |       |       |       |     2 ||     2
Armor: Robe              |    20 |    42 |    16 |       ||    78
       Leather armour    |       |       |    34 |       ||    34
       Ring mail         |       |       |    54 |   174 ||   228
Dodge: Dodged            |    40 |    83 |   130 |   255 ||   508
Block: Buckler           |       |       |    31 |   107 ||   138
